Map: Central Protocol

Players

juhyg - Winner!

  • Race: Zerg Zerg
  • League: Bronze

jmjeng

  • Race: Zerg Zerg

VOD

Have the link to the VOD?

Description

Time

  • Played on: Feb. 7, 2016, 10:34 p.m.
  • Length: 6:07
Show
View Real Time Build Order
Export as new Build Order

juhyg Zerg - Winner!

Build Orders: Pool First 

Get SALT Encoding   

  12  0:20  Spawning Pool  
  11  0:22  Drone  
  12  0:28  Drone  
  12  0:31  Drone  
  14  0:44  Overlord  
  14  0:49  Overlord  
  14  0:56  Drone, Extractor  
  14  1:10  Drone  
  15  1:11  Queen  
  15  1:18  Zergling x2  
  18  1:28  Drone  
  19  1:45  Drone  
  20  2:13  Zergling x6, Metabolic Boost  
  23  2:23  Zergling x4  
  23  2:24  Zergling x2  
  26  2:37  Zergling x2  
  27  2:55  Zergling x6  
  27  2:57  Overlord x2  
  30  3:16  Roach Warren  
  30  3:18  Drone  
  30  3:27  Zergling x4  
  27  4:09  Roach x4  
  29  4:16  Hatchery  
  28  4:24  Zergling x2  
  29  4:29  Hatchery  
  29  4:31  Drone  
  29  4:43  Roach  
  31  4:56  Zergling x6  
  32  5:27  Zergling x4  
  33  5:42  Zergling x4  
  34  5:43  Zergling x6  
Show
View Real Time Build Order
Export as new Build Order

jmjeng Zerg 

Build Orders: Pool First 

Get SALT Encoding   

  12  0:02  Drone  
  13  0:09  Drone  
  14  0:16  Overlord  
  14  0:34  Spawning Pool  
  13  0:37  Drone  
  13  0:41  Drone  
  15  0:45  Drone  
  16  0:50  Drone  
  17  1:03  Drone  
  18  1:09  Extractor  
  18  1:10  Drone  
  18  1:23  Hatchery  
  17  1:25  Zergling x2  
  18  1:34  Spine Crawler  
  18  1:39  Drone  
  18  1:46  Queen  
  18  1:53  Drone  
  21  1:55  Drone  
  22  2:14  Overlord  
  22  2:15  Overlord  
  22  2:30  Lair  
  22  2:33  Drone  
  23  2:48  Zergling x2  
  23  2:49  Zergling x2  
  23  2:50  Zergling x4  
  27  2:59  Drone  
  27  3:03  Spine Crawler  
  27  3:04  Overlord  
  27  3:14  Spine Crawler  
  27  3:17  Drone  
  27  3:25  Drone x2  
  29  3:34  Spire  
  29  3:36  Extractor  
  22  3:42  Spine Crawler  
  22  3:47  Zergling x6  
  23  3:48  Drone x2  
  24  3:58  Zergling x2  
  23  4:15  Drone x2  
  25  4:22  Drone x3  
  28  4:25  Drone  
  29  4:34  Zergling x2  
  30  4:39  Queen  
  32  4:46  Mutalisk  
  34  4:59  Zergling x4  
  36  5:04  Extractor  
  36  5:06  Extractor  
  30  5:21  Zergling x6  
  29  5:28  Mutalisk x2  
Tags
 
Add a new tag
Caveats
  • Supply blocks, unpowered buildings, or Contaminate may cause inaccurate times.
  • Supply counts are checked every 10 seconds.